 Dungeon Sprint DCSS version 0.29.1-13-g9f3cf754e1 (webtiles) character file.

Game seed: 12105442127947846054

25 theblackgale the Ruffian (level 2, -3/23 HPs)
             Began as a Draconian Transmuter on Jan 27, 2023.
             Slain by a naga (11 damage)
             ... in the Dungeon (Sprint I: "Red Sonja").
             The game lasted 00:02:12 (328 turns).

theblackgale the Ruffian (Draconian Transmuter)      Turns: 328, Time: 00:02:13

Health: -3/23      AC:  4    Str: 12    XL:     2   Next: 82%
Magic:  6/6        EV:  9    Int: 13    God:
Gold:   0          SH:  0    Dex: 11    Spells: 6/7 levels left

rFire   . . .      SeeInvis .     - Unarmed
rCold   . . .      Faith    .   (no shield)
rNeg    . . .      Spirit   .   (body armour unavailable)
rPois   .          Reflect  .   (helmet restricted)
rElec   .          Harm     .   (no cloak)
rCorr   .          Rampage  .   (no gloves)
Will    .....      NoTele   +   (no boots)
Stlth   +.........              (no amulet)
HPRegen 0.07/turn               (no ring)
MPRegen 0.10/turn               (no ring)

@: lethally poisoned (-3 -> -7), hasted, constricted, very quick
A: AC +4, unfitting armour, cold-blooded
a: no special abilities


You were in the Dungeon.
You visited 1 branch

Inventory:

Wands
 b - a wand of polymorph (4)
Scrolls
 g - a scroll of blinking
Potions
 a - a potion of lignification
 e - 2 potions of magic


   Skills:
 + Level 1.3 Fighting
 + Level 2.6 Dodging
 + Level 5.0 Unarmed Combat
 + Level 3.0 Spellcasting
 + Level 2.8 Transmutations


You had 6 spell levels left.
You knew the following spells:

 Your Spells              Type           Power      Damage    Failure   Level
a - Beastly Appendage     Tmut           18%        N/A       7%          1

Your spell library contained the following spells:

 Spells                   Type           Power      Damage    Failure   Level
 Wereblood                Tmut           9%         N/A       11%         2
 Spider Form              Tmut/Pois      5%         N/A       36%         3
 Ice Form                 Ice/Tmut       5%         N/A       77%         4


Dungeon Overview and Level Annotations

Branches:
Dungeon (1/1)

Altars:


Innate Abilities, Weirdness & Mutations

Your plain brown scales are hard. (AC +4)
You cannot fit into any form of body armour.
You are cold-blooded and may be slowed by cold attacks.


Message History

You feel less batty.
You start resting.
Magic restored.
You start resting.
You feel yourself speed up.
You start resting.
You recover from your berserk rage.
You start resting.
You start resting.
HP restored.
You start waiting.
Done waiting.
You open the door.
An ogre comes into view. It is wielding a +0 giant spiked club.
You feel yourself speed up.
The ogre shouts!
Aiming: Polymorph
Press: ? - help, Q - select action, (/) - cycle Shift-Dir - straight line, f - ogre
Aim: an ogre, wielding a +0 giant spiked club (will become an acid dragon, a black bear, or a naga, chance to affect: 49%)
The ogre evaporates and reforms as a naga!
Unknown command.
The naga closely misses you. The naga barely misses you.
There is an open door here.
You hit the naga.
The naga is lightly wounded.
You hit the naga but do no damage.
Your tail-slap misses the naga.
The naga is lightly wounded.
The naga spits poison at you. The splash of poison hits you!
You are poisoned.
You hit the naga.
The naga is moderately wounded.
You feel sick.
You hit the naga but do no damage.
The naga is moderately wounded.
You feel sick. The naga completely misses you. The naga grabs you.
The naga constricts you.
The naga's grasp on you weakens, but your attempt to escape fails.
You feel sick. The naga hits you!
You die...

##########
#<.#..@N.#
#..'..#..+
#.)#####+#
#..# #..#
#..# #⌠⌠#
####


You could see a naga (catching breath).

Vanquished Creatures
  Ijyb (D)
1 creature vanquished.

Notes
Turn   | Place    | Note
-------+----------+-------------------------------------------
     0 | D        | theblackgale the Draconian Transmuter began the quest for
                  | the Orb.
     0 | D        | Reached XP level 1. HP: 16/16 MP: 3/3
     1 | D        | Noticed Ijyb
    27 | D        | Killed Ijyb
    28 | D        | Reached skill level 5 in Unarmed Combat
    28 | D        | Reached XP level 2. HP: 13/23 MP: 4/6
   320 | D        | Noticed an ogre
   322 | D        | Noticed a naga
   322 | D        | an ogre changed into a naga
   328 | D        | Slain by a naga

Illustrated notes

Levels and vault maps discovered:
D:        dungeon_sprint_1 [red_sonja_temple_1, red_sonja_temple_small_1]

Skill      XL: |  1 |
---------------+----+-----
Dodging        | 2 |  2.6
Unarmed Combat | 5 |  5.0
Spellcasting   | 3 |  3.0
Fighting       | |  1.3
Transmutations | |  2.8

Action                   || total
-------------------------++-------
Melee: Unarmed           ||    26
Evoke: Wand              ||     1
  Use: Potion            ||     4
Armor: Skin              ||     1
Dodge: Dodged            ||    12
